 Dungeon Crawl Stone Soup version 0.30.1-11-g7821555f0a (webtiles) character file.

Game seed: 8797408744939032933

26539 CrazyMind the Destroyer (level 12, -7/86 HPs)
             Began as a Demonspawn Conjurer on Nov 24, 2023.
             Was a High Priest of Vehumet.
             Killed from afar by a frost giant (29 damage)
             ... with a bolt of cold
             ... in an ice cave.
             The game lasted 01:37:04 (19426 turns).

CrazyMind the Destroyer (Demonspawn Conjurer)      Turns: 19426, Time: 01:37:05

Health: -7/86      AC: 13    Str:  8    XL:     12   Next: 99%
Magic:  26/26      EV: 13    Int: 24    God:    Vehumet [*****.]
Gold:   870        SH: 10    Dex: 18    Spells: 6/31 levels left

rFire   + + .        j - +4 short sword
rCold   . . .        y - +0 buckler
rNeg    . . .        n - +4 leather armour of Xosal {rF++}
rPois   .            S - +2 hat
rElec   .            w - scarf {repulsion}
rCorr   .            N - +0 pair of gloves
SInv    .            P - +1 pair of boots
Will    .....        h - amulet of reflection
Stlth   ++++         o - +6 ring of dexterity
HPRegen 0.34/turn    O - ring of wizardry
MPRegen 0.20/turn

%: repel missiles, reflection, wizardry (x1)
@: no status effects
A: antennae 2, claws 1, powered by pain 1, demonic magic 2
a: Renounce Religion


You were in an ice cave.
You worshipped Vehumet.
Vehumet was extremely pleased with you.
You visited 4 branches of the dungeon, and saw 15 of its levels.
You also visited: Ice Cave.

You collected 870 gold pieces.

Inventory:

Hand Weapons
 j - a +4 short sword (weapon)
 t - the +10 sling "Tikhleix" {drain, rC+}
   (You found it in an ice cave)

   rC:        It protects you from cold.
Missiles
 d - 22 poisoned darts
 k - 5 throwing nets
 H - 7 boomerangs (quivered)
 V - 4 javelins
Armour
 n - the +4 leather armour of Xosal (worn) {rF++}
   (You found it on level 2 of the Dungeon)

   rF:        It greatly protects you from fire.
 w - a scarf of repulsion (worn)
 y - a +0 buckler (worn)
 N - a +0 pair of gloves (worn)
 P - a +1 pair of boots (worn)
 R - a +1 robe of willpower
 S - a +2 hat (worn)
Jewellery
 h - an amulet of reflection (around neck)
 o - a +6 ring of dexterity (left hand)
 O - a ring of wizardry (right hand)
Wands
 a - a wand of flame (3)
 K - a wand of quicksilver (11)
 M - a wand of paralysis (14)
 T - a wand of roots (8)
 W - a wand of mindburst (10)
Scrolls
 c - 5 scrolls of enchant weapon
 f - a scroll of fog
 g - a scroll of silence
 m - 3 scrolls of magic mapping
 p - a scroll of noise {unknown}
 q - 2 scrolls of vulnerability
 v - a scroll of summoning {unknown}
 A - 5 scrolls of teleportation
 B - 3 scrolls of fear {unknown}
 C - a scroll of poison {unknown}
 G - a scroll of blinking {unknown}
 Q - 2 scrolls of enchant armour {unknown}
Potions
 b - a potion of magic
 i - 2 potions of haste {unknown}
 l - 2 potions of mutation
 s - a potion of brilliance
 u - 2 potions of invisibility {unknown}
 x - 3 potions of curing
 z - 2 potions of ambrosia {unknown}
 D - a potion of flight {unknown}
 E - a potion of berserk rage
Miscellaneous
 U - a box of beasts


   Skills:
 + Level 5.0 Fighting
 + Level 6.1 Short Blades
 * Level 4.5 Armour
 + Level 5.5 Dodging
 + Level 10.2 Stealth
 * Level 4.4 Shields
 * Level 10.2 Spellcasting
 * Level 10.9 Conjurations
 + Level 3.6 Hexes
 + Level 0.7 Translocations
 + Level 1.6 Poison Magic
 + Level 0.7 Evocations


You had 6 spell levels left.
You knew the following spells:

 Your Spells              Type           Power      Damage    Failure   Level
a - Magic Dart            Conj           100%       1d8       1%          1
b - Searing Ray           Conj           100%       2d8       1%          2
c - Dazzling Flash        Conj/Hex       94%        N/A       1%          3
d - Iskenderun's Mystic   Conj/Tloc      40%        2d9       1%          4
e - Iskenderun's Battles  Conj           59%        2d11      1%          5
f - Fulminant Prism       Conj/Hex       23%        3d12      1%          4
g - Passwall              Tmut/Erth      10%        N/A       7%          2
h - Olgreb's Toxic Radia  Pois           20%        N/A       7%          4

Your spell library contained the following spells:

 Spells                   Type           Power      Damage    Failure   Level
 Irradiate                Conj/Tmut      19%        3d18      4%          5
 Sandblast                Erth           24%        2d8       1%          1
 Stone Arrow              Conj/Erth      76%        3d11      1%          3
 Tukima's Dance           Hex            29%        N/A       3%          3
 Summon Small Mammal      Summ           48%        N/A       4%          1
 Lesser Beckoning         Tloc           30%        N/A       4%          2
 Summon Guardian Golem    Hex/Summ       20%        N/A       6%          3
 Gell's Gravitas          Tloc           15%        N/A       10%         3
 Teleport Other           Tloc           15%        N/A       10%         3
 Call Canine Familiar     Summ           12%        N/A       13%         3
 Yara's Violent Unravell  Hex/Tmut       10%        3d6       16%         5
 Iron Shot                Conj/Erth      19%        9d4       19%         6
 Passage of Golubria      Tloc           15%        N/A       32%         4
 Spellforged Servitor     Conj/Summ      19%        N/A       63%         7


Dungeon Overview and Level Annotations

Branches:
Dungeon (11/15) Zot: 25229  Temple (1/1) D:4 Zot: 5780    Lair (1/5) D:11 Zot: 5953
    Orc (2/2) D:9 Zot: 11817   IceCv (1/1) Zot: 5035
    Elf: Orc:2

Altars:
Ashenzari
Cheibriados
Dithmenos
Fedhas
Gozag
Hepliaklqana
Kikubaaqudgha
Makhleb
Nemelex Xobeh
Okawaru
Qazlal
Ru
Sif Muna
Trog
Uskayaw
Vehumet
Wu Jian
Yredelemnul

Annotations:
D:3 2 runed translucent doors, zfabert001's ghost, amateur HOHu
D:10 2 runed translucent doors, Beranek's ghost, novice GrFi


Innate Abilities, Weirdness & Mutations

You have a pair of antennae on your head.
You have sharp fingernails.
You sometimes gain a little power by taking damage.
Spells you cast may paralyse nearby enemies.


Message History

The helpless polar bear fails to defend itself.
You perforate the polar bear like a sieve!!!
The polar bear is almost dead.
The helpless polar bear fails to defend itself.
You spit the polar bear like a pig!!!
You kill the polar bear!
Vehumet accepts your kill.
You start resting.
Magic restored.
A frost giant comes into view.
It is wielding a +0 battleaxe of freezing.
Press: ? - help, v - describe, . - travel
Here: a frost giant, wielding a +0 battleaxe of freezing (wandering, hasn't noticed you)
The floor.
Unknown command.
Unknown command.
Okay, then.
Okay, then.
Unknown command.
Press: ? - help, v - describe, . - travel
Here: a frost giant, wielding a +0 battleaxe of freezing The floor.
Okay, then.
Okay, then.
The frost giant casts a spell at you. The bolt of cold hits you!!!
Ouch! That really hurt!
This is a scroll of acquirement!
You see here Great Wizards, Vol.
VII.
Something appears at your feet!
You pick up Great Wizards, Vol.
VII and begin reading...
You add the spells Tukima's Dance, Passage of Golubria and Yara's Violent Unravelling to your library.
Okay, then.
Unknown command.
The frost giant casts a spell at you. The bolt of cold hits you!
* * * LOW HITPOINT WARNING * * *
As you read the scroll of fog, it crumbles to dust.
The scroll dissolves into smoke.
The frost giant casts a spell at you. The bolt of cold hits you!!
You die...

##.##.## #..#..#
##.##.# #### #..####
##..## #.#.##
##....### ##.##)##
##..##.#.## #..#.#.#
#†#†###...#####§###)##
##..## #.#@#.##C## ###
##..## #.#..§C#§#
#..#≈≈# ####.#§§§#
##†##≈≈# ####§##
##.##≈≈# ###
##.##≈≈####
#..##≈##.##
#...##≈#..#
###..##...##


You could see a frost giant.

Vanquished Creatures
  Erolcha (D:10)
  Harold (D:8)
  4 boulder beetles (D:11)
  6 two-headed ogres
  A death yak (IceCv)
  2 ugly things
  An orc knight (Orc:2)
  A cyclops (D:8)
  Maurice (D:11)
  An ice statue (IceCv)
  A gargoyle (D:11)
  A kobold demonologist (D:6)
  Psyche (D:10)
  An unseen horror (D:10)
  Maggie (D:6)
  2 trolls (Orc:2)
  9 polar bears (IceCv)
  Sigmund (D:2)
  A vampire (D:10)
  A wyvern (D:7)
  A shadow (D:11)
  2 wraiths (D:10)
  35 yaks
  A steam dragon (D:8)
  A warg (Orc:1)
  Menkaure (D:7)
  Edmund (D:4)
  An acid dragon (D:9)
  A water moccasin (D:5)
  A sky beast (D:8)
  6 orc warriors
  An ice beast (D:5)
  2 black bears
  3 ogres
  21 wolves (IceCv)
  4 centaurs
  A phantom (D:7)
  2 kobold brigands
  3 bullfrogs
  A gnoll sergeant (D:9)
  6 scorpions
  13 wights
  5 killer bees (D:10)
  A howler monkey (D:10)
  5 orc priests
  6 hounds
  4 jellies
  2 sleepcaps
  Natasha (thrice) (D:2)
  3 iguanas
  13 orc wizards
  Robin (D:2)
  15 gnolls
  12 adders
  12 white imps (Lair:1)
  2 ufetubi
  3 dart slugs (D:1)
  36 orcs
  9 ball pythons
  8 endoplasms
  3 giant cockroaches
  17 goblins
  14 hobgoblins
  7 jackals
  6 quokkas
  5 bats
  4 frilled lizards
  7 kobolds
  6 rats
355 creatures vanquished.

Vanquished Creatures (others)
  A jackal (D:2)
  33 fulminant prisms
34 creatures vanquished.

Grand Total: 389 creatures vanquished

Notes
Turn   | Place    | Note
-------+----------+-------------------------------------------
     0 | D:1      | CrazyMind the Demonspawn Conjurer began the quest for the
                  | Orb.
     0 | D:1      | Reached XP level 1. HP: 13/13 MP: 3/3
   274 | D:1      | Discovered your monstrous ancestry.
   274 | D:1      | Gained mutation: You have sharp fingernails. [demonic
                  | ancestry]
   274 | D:1      | Reached XP level 2. HP: 19/19 MP: 3/5
   321 | D:1      | Learned a level 2 spell: Searing Ray
   472 | D:1      | Found a faded altar of an unknown god.
   906 | D:1      | Reached XP level 3. HP: 25/25 MP: 3/6
   910 | D:1      | Learned a level 3 spell: Dazzling Flash
  1317 | D:1      | Reached skill level 5 in Conjurations
  1383 | D:2      | Identified the +4 leather armour of Xosal {rF++}
  2158 | D:2      | Reached XP level 4. HP: 31/31 MP: 2/7
  2252 | D:2      | Noticed Natasha
  2280 | D:2      | Noticed Robin
  2700 | D:2      | Noticed Sigmund
  2861 | D:2      | Killed Robin
  3015 | D:2      | Reached XP level 5. HP: 32/36 MP: 4/9
  3231 | D:3      | Found a runed translucent door.
  3235 | D:3      | Noticed zfabert001's ghost (amateur HOHu)
  3308 | D:3      | Reached skill level 1 in Short Blades
  3412 | D:3      | Found a runed translucent door.
  4080 | D:4      | Found a radiant altar of Vehumet.
  4088 | D:4      | Became a worshipper of Vehumet
  4186 | D:4      | Gained mutation: You have a pair of small antennae on your
                  | head. [demonic ancestry]
  4186 | D:4      | Reached XP level 6. HP: 42/42 MP: 5/11
  4493 | D:4      | Found a staircase to the Ecumenical Temple.
  4515 | Temple   | Entered the Ecumenical Temple
  4779 | D:4      | Noticed Edmund
  4841 | D:4      | Reached skill level 1 in Fighting
  5457 | D:5      | Entered Level 5 of the Dungeon
  5497 | D:5      | Gained mutation: You sometimes gain a little power by
                  | taking damage. [demonic ancestry]
  5497 | D:5      | Reached XP level 7. HP: 48/48 MP: 7/12
  5687 | D:5      | Found a bloodstained altar of Trog.
  5798 | D:5      | Found a broken altar of Ashenzari.
  5799 | D:5      | Found a stormy altar of Qazlal.
  5803 | D:5      | Found an ancient bone altar of Kikubaaqudgha.
  6066 | D:5      | Found an iron altar of Okawaru.
  6319 | D:5      | Reached * piety under Vehumet
  6319 | D:5      | Offered knowledge of Kiss of Death by Vehumet.
  6750 | D:6      | Noticed a yak
  6767 | D:6      | Gained mutation: You have a pair of antennae on your head.
                  | [demonic ancestry]
  6767 | D:6      | Reached XP level 8. HP: 57/57 MP: 8/14
  6939 | D:6      | Learned a level 4 spell: Iskenderun's Mystic Blast
  7522 | D:6      | Reached skill level 5 in Spellcasting
  7522 | D:6      | Noticed Maggie
  7555 | D:6      | Killed Maggie
  7556 | D:6      | Reached skill level 5 in Stealth
  7663 | D:6      | Noticed a kobold demonologist
  7972 | D:5      | Reached XP level 9. HP: 56/63 MP: 10/17
  8153 | D:2      | Killed Natasha
  8278 | D:2      | Killed Sigmund
  8301 | D:2      | Noticed Natasha
  8427 | D:2      | Killed Natasha
  8493 | D:2      | Noticed Natasha
  8499 | D:2      | Killed Natasha
  8546 | D:4      | Offered knowledge of Static Discharge by Vehumet.
  8587 | D:4      | Killed Edmund
  8594 | D:4      | HP: 3/63 [poisoned by Edmund]
  8596 | D:4      | HP: 1/63 [poisoned by Edmund]
  8908 | D:6      | Killed a kobold demonologist
  9373 | D:6      | Reached ** piety under Vehumet
  9492 | D:6      | Reached skill level 1 in Hexes
  9649 | D:7      | Noticed a two-headed ogre
  9792 | D:7      | Noticed Menkaure
 10018 | D:7      | Found a hazy altar of Hepliaklqana.
 10019 | D:7      | Found a basalt altar of Yredelemnul.
 10148 | D:7      | Killed a two-headed ogre
 10149 | D:7      | Gained mutation: Spells you cast may paralyse adjacent
                  | enemies. [demonic ancestry]
 10149 | D:7      | Reached XP level 10. HP: 33/71 MP: 9/19
 10454 | D:8      | Learned a level 5 spell: Iskenderun's Battlesphere
 10886 | D:8      | Noticed a cyclops
 11006 | D:7      | Killed Menkaure
 11670 | D:8      | Offered knowledge of Hailstorm by Vehumet.
 11953 | D:8      | Learned a level 4 spell: Fulminant Prism
 12118 | D:9      | Noticed a two-headed ogre
 12260 | D:8      | Killed a cyclops
 12420 | D:9      | Noticed Harold
 12438 | D:9      | Reached skill level 5 in Dodging
 12438 | D:9      | Reached *** piety under Vehumet
 12644 | D:9      | Noticed a two-headed ogre
 12708 | D:9      | Reached skill level 5 in Short Blades
 12890 | D:9      | Reached XP level 11. HP: 39/77 MP: 6/22
 13284 | D:9      | Killed a two-headed ogre
 13523 | D:9      | Learned a level 2 spell: Passwall
 13823 | D:9      | Found a staircase to the Orcish Mines.
 14103 | D:8      | Killed Harold
 14103 | D:8      | Offered knowledge of Olgreb's Toxic Radiance by Vehumet.
 14104 | D:8      | Reached skill level 1 in Shields
 14109 | D:8      | Learned a level 4 spell: Olgreb's Toxic Radiance
 14302 | D:9      | Killed a two-headed ogre
 14303 | D:9      | Reached skill level 1 in Armour
 14468 | D:10     | Entered Level 10 of the Dungeon
 14539 | D:10     | Noticed a brown ugly thing
 14985 | D:10     | Noticed Psyche
 15154 | D:10     | Noticed Erolcha
 15238 | Orc:1    | Entered Level 1 of the Orcish Mines
 15272 | Orc:2    | Entered Level 2 of the Orcish Mines
 15275 | Orc:2    | Noticed an orc knight
 15282 | Orc:2    | Killed an orc knight
 15284 | Orc:2    | Reached skill level 10 in Conjurations
 15412 | Orc:2    | Noticed an orc sorcerer
 15526 | D:10     | Killed a brown ugly thing
 15539 | D:10     | Reached skill level 1 in Poison Magic
 15597 | D:10     | Found a sparkling altar of Nemelex Xobeh.
 15767 | D:10     | Found a large runed translucent door.
 15767 | D:10     | Found a large runed translucent door.
 15772 | D:10     | Noticed Beranek's ghost (novice GrFi)
 15869 | D:10     | Killed Erolcha
 15914 | D:10     | Reached **** piety under Vehumet
 16141 | D:10     | Noticed a two-headed ogre
 16149 | D:10     | Killed a two-headed ogre
 16516 | D:10     | Killed Psyche
 16708 | D:11     | Noticed Maurice
 16748 | D:11     | Noticed a two-headed ogre
 16753 | D:11     | Noticed a boulder beetle
 16766 | D:11     | Killed a boulder beetle
 16767 | D:11     | Gained mutation: Spells you cast may paralyse nearby
                  | enemies. [demonic ancestry]
 16767 | D:11     | Reached XP level 12. HP: 77/84 MP: 15/25
 16772 | D:11     | Killed a two-headed ogre
 16910 | D:11     | Noticed a boulder beetle
 16926 | D:11     | Killed a boulder beetle
 17069 | D:11     | Noticed a two-headed ogre
 17083 | D:11     | Killed a two-headed ogre
 17713 | D:11     | Noticed a boulder beetle
 17729 | D:11     | Killed a boulder beetle
 17729 | D:11     | Offered knowledge of Frozen Ramparts by Vehumet.
 18006 | D:11     | Noticed a boulder beetle
 18014 | D:11     | Killed a boulder beetle
 18159 | D:11     | Found a staircase to the Lair.
 18284 | D:11     | Killed Maurice
 18396 | Lair:1   | Entered Level 1 of the Lair of Beasts
 18401 | Lair:1   | Found a frozen archway.
 18445 | IceCv    | Entered an ice cave
 18640 | IceCv    | Reached skill level 10 in Stealth
 18642 | IceCv    | Reached skill level 10 in Spellcasting
 18801 | IceCv    | Reached skill level 5 in Fighting
 18826 | IceCv    | Reached ***** piety under Vehumet
 18837 | IceCv    | Identified the +10 sling "Tikhleix" {drain, rC+}
 18902 | IceCv    | Offered knowledge of Irradiate by Vehumet.
 18908 | IceCv    | Noticed a death yak
 18941 | IceCv    | Killed a death yak
 19399 | IceCv    | Noticed a frost giant
 19418 | IceCv    | Identified a scroll of acquirement
 19418 | IceCv    | Acquired Great Wizards, Vol. VII
 19426 | IceCv    | Killed from afar by a frost giant

Illustrated notes

Levels and vault maps discovered:
D:1:      dpeg_arrival_rooms_with_view, layout_basic, basic_ecumenical_altar
D:2:      layout_basic, kennysheep_generic_room_5, uniq_sigmund, uniq_robin,
          uniq_natasha
D:3:      layout_loops_ring, ebering_ghost_sewer_f
D:4:      layout_basic, lemuel_round_altar, minmay_temple_entry_stoned_glass,
          uniq_edmund
D:5:      kb_forest_paths, layout_basic, lemuel_coloured_pillars_altar,
          nicolae_overflow_hidden_temple
D:6:      layout_loops_ring, uniq_maggie
D:7:      layout_rooms, gammafunk_temple_overflow_statue, uniq_menkaure
D:8:      layout_gridville, minmay_microvault
D:9:      layout_gridville, orc_0_dummy, uniq_harold
D:10:     kennysheep_spiral_hall, layout_basic, dreamdust_divine_triumvirate,
          mainiacjoe_overflow_cross_hatched, ebering_ghost_disaster_area,
          uniq_psyche, uniq_erolcha
D:11:     layout_cave_pods, grunt_lair_entry_orc_guard_hut, uniq_maurice
Temple:   compressed_dpeg_triangle_lava_temple
Lair:1:   layout_roguey, gauntlet_entry_generic, ebering_ghost_reflecting_pool,
          portal_ice_cave_entry_imps
Orc:1:    layout_diamond_mine, uniq_gastronok
Orc:2:    st_orc_ogre_mass, layout_caves, basic_altar, bloody_makhleb,
          uniq_azrael
IceCv:    ice_cave_caverns_01

Skill      XL: |  1  2  3  4  5  6  7  8  9 10 11 12 |
---------------+-------------------------------------+-----
Conjurations   | 5 6 7 8 9 10 | 10.9
Short Blades   | 1 2 3 4 5 6 |  6.1
Spellcasting   | 3 4 5 6 7 9 10 | 10.2
Stealth        | 2 3 5 6 8 9 10 | 10.2
Dodging        | 2 3 4 5 |  5.5
Fighting       | 1 2 3 4 5 |  5.0
Hexes          | 1 2 3 |  3.6
Shields        | 3 4 |  4.4
Armour         | 3 4 |  4.5
Poison Magic   | 1 |  1.6
Translocations | |  0.7
Evocations     | |  0.7

Action                     |  1- 3 |  4- 6 |  7- 9 | 10-12 || total
---------------------------+-------+-------+-------+-------++-------
  Melee: Short sword       |    33 |    60 |    90 |   316 ||   499
         Dagger            |     1 |       |       |       ||     1
         Punch             |       |     1 |     2 |       ||     3
  Throw: Dart              |       |     3 |    10 |     2 ||    15
         Boomerang         |       |       |     3 |     1 ||     4
   Cast: Magic Dart        |    50 |    15 |     1 |    37 ||   103
         Searing Ray       |     9 |    26 |    46 |    53 ||   134
         Dazzling Flash    |       |       |    19 |    71 ||    90
         Iskenderun's Myst |       |       |     2 |    18 ||    20
         Iskenderun's Batt |       |       |       |     8 ||     8
         Fulminant Prism   |       |       |       |    33 ||    33
         Olgreb's Toxic Ra |       |       |       |    15 ||    15
         Passwall          |       |       |       |     1 ||     1
  Evoke: Wand              |       |       |     6 |       ||     6
    Use: Scroll            |       |       |    10 |     9 ||    19
         Potion            |       |       |     5 |     4 ||     9
   Stab: Sleeping          |     3 |     6 |    12 |    14 ||    35
         Distracted        |       |       |     1 |     2 ||     3
         Invisible         |       |       |    12 |    19 ||    31
         Paralysed         |       |       |       |    72 ||    72
 Armour: Robe              |     4 |    22 |    29 |    11 ||    66
         Leather armour    |       |       |       |    45 ||    45
  Dodge: Dodged            |    24 |    53 |   141 |   193 ||   411
         Repelled          |       |       |     1 |     5 ||     6
  Block: Other             |       |       |       |    35 ||    35
         Reflection        |       |       |       |     7 ||     7
         Buckler           |       |       |       |    68 ||    68
